Map: Deathaura LE

Players

maru - Winner!

  • Race: Terran Terran
  • Spawn Location: 5:00

Reynor

  • Race: Zerg Zerg
  • Spawn Location: 11:00

Event: ASUS ROG Online 2020

VOD

Have the link to the VOD?

Description

Time

  • Played on: Nov. 29, 2020, 1:20 p.m.
  • Length: 24:04

All games in this series

Show
View Real Time Build Order
Export as new Build Order

maru Terran - Winner!

Build Orders:  

Get SALT Encoding   

  12  0:00  SCV  
  13  0:12  SCV  
  14  0:17  Supply Depot  
  14  0:24  SCV  
  15  0:38  SCV  
  15  0:39  Barracks  
  16  0:43  Refinery  
  16  0:50  SCV  
  17  1:03  SCV  
  18  1:15  SCV  
  19  1:26  Marine  
  19  1:27  Orbital Command  
  20  1:39  Command Center  
  20  1:50  Factory  
  20  1:54  SCV  
  21  2:01  Supply Depot  
  21  2:06  SCV  
  21  2:08  Barracks Reactor  
  22  2:13  Refinery  
  22  2:18  SCV  
  23  2:30  SCV  
  24  2:38  Starport  
  24  2:42  SCV  
  25  2:50  Hellion x2  
  29  2:52  Orbital Command  
  29  2:54  SCV  
  30  3:00  Marine  
  31  3:06  SCV  
  31  3:11  Widow Mine x2  
  36  3:15  Medivac  
  36  3:19  SCV  
  39  3:20  SCV  
  39  3:23  Supply Depot  
  40  3:28  Armory  
  40  3:33  Widow Mine  
  40  3:34  Widow Mine  
  44  3:37  SCV  
  44  3:38  SCV  
  46  3:44  Supply Depot  
  46  3:49  SCV  
  46  3:50  SCV  
  46  3:55  Hellion x2  
  52  4:02  SCV x2  
  54  4:10  Command Center  
  54  4:19  Barracks Tech Lab  
  54  4:21  SCV x2  
  56  4:32  Factory  
  56  4:33  SCV x2  
  56  4:34  Factory Tech Lab, Supply Depot  
  58  4:45  SCV x2  
  58  4:54  Drilling Claws, Widow Mine  
  58  4:57  SCV x2  
  62  5:03  Barracks  
  62  5:05  Barracks  
  62  5:09  SCV  
  62  5:10  SCV  
  62  5:11  Refinery  
  62  5:12  Engineering Bay x2  
  64  5:19  Marine  
  64  5:20  Widow Mine x2  
  69  5:21  Medivac, SCV  
  69  5:22  Orbital Command, SCV  
  69  5:26  Widow Mine, Refinery  
  73  5:32  Stimpack  
  73  5:33  SCV  
  73  5:34  SCV  
  75  5:36  Marine  
  75  5:39  Supply Depot  
  76  5:44  Terran Infantry Armor Level 1, Terran Infantry Weapons Level 1, Orbital Command  
  76  5:45  SCV  
  76  5:46  SCV  
  78  5:54  Marine  
  78  5:55  Widow Mine x3  
  85  6:00  Supply Depot, SCV x2  
  85  6:02  Supply Depot  
  87  6:05  Barracks Reactor x2  
  87  6:12  SCV x2  
  87  6:13  Medivac  
  87  6:16  SCV  
  92  6:21  Barracks  
  92  6:24  SCV x2  
  92  6:25  Widow Mine x2  
  100  6:26  Widow Mine  
  100  6:28  SCV  
  100  6:31  Marine  
  96  6:36  SCV x2  
  98  6:40  SCV  
  98  6:43  Marine  
  98  6:46  Command Center, Widow Mine  
  98  6:47  Widow Mine  
  104  6:49  Widow Mine, Marine  
  104  6:50  Barracks Reactor  
  104  6:51  Medivac  
  109  6:54  Supply Depot  
  109  6:57  Supply Depot x2  
  109  6:59  Medivac  
  111  7:04  SCV x3  
  111  7:05  Refinery  
  111  7:06  Refinery  
  111  7:07  Marine  
  111  7:08  Barracks, Widow Mine  
  117  7:15  Marine x2  
  117  7:16  SCV x3  
  117  7:17  Barracks Reactor  
  117  7:21  Medivac  
  118  7:23  Widow Mine  
  118  7:28  SCV  
  117  7:33  Widow Mine, Siege Tank  
  116  7:37  Marauder, Marine x4  
  116  7:38  SCV  
  116  7:41  SCV x2  
  125  7:44  Supply Depot  
  125  7:45  Widow Mine  
  125  7:50  SCV  
  128  7:53  SCV  
  128  7:54  Barracks x2, SCV  
  128  7:55  Terran Infantry Weapons Level 2, Barracks, Widow Mine, Marine  
  128  7:56  Supply Depot  
  128  7:57  Terran Infantry Armor Level 2, Supply Depot  
  133  8:01  Medivac  
  135  8:05  Widow Mine  
  135  8:07  Medivac  
  135  8:08  SCV x3  
  138  8:18  Widow Mine x2  
  136  8:22  SCV x3  
  136  8:26  Siege Tank  
  138  8:31  Medivac  
  134  8:34  SCV x3  
  135  8:42  Widow Mine x2  
  135  8:46  Marine x3  
  135  8:47  Barracks Reactor, Marauder  
  135  8:48  Barracks Tech Lab x2  
  144  8:49  Barracks Tech Lab  
  144  8:50  SCV x3  
  144  8:51  Planetary Fortress, Factory  
  144  8:53  Marine x2  
  149  8:56  Marine  
  150  9:04  Marine x3  
  150  9:06  Refinery x2  
  150  9:07  Command Center, Marine  
  150  9:09  SCV x3  
  153  9:17  Siege Tank  
  153  9:18  Widow Mine x2  
  153  9:21  SCV x2  
  153  9:23  SCV  
  163  9:24  Combat Shield  
  163  9:26  Marauder  
  163  9:29  Supply Depot  
  162  9:38  Marauder x3, Marine x8  
  162  9:40  Widow Mine x2  
  162  9:42  Factory Tech Lab  
  174  9:47  Marauder  
  174  9:49  Siege Tank  
  174  9:50  Command Center  
  179  9:53  Sensor Tower  
  179  9:54  Sensor Tower  
  179  9:56  Marine  
  179  9:59  Marauder x2  
  186  10:00  Marauder  
  186  10:04  Marine x2  
  184  10:07  Terran Vehicle Weapons Level 1  
  184  10:08  Ghost Academy, Marauder, Armory  
  184  10:15  Siege Tank  
  184  10:19  Widow Mine  
  184  10:21  Factory, Marauder  
  191  10:24  Marine  
  191  10:25  Marauder x2  
  191  10:27  Marine  
  189  10:29  Siege Tank  
  189  10:30  Medivac, Marauder, Widow Mine  
  196  10:41  Widow Mine  
  196  10:42  Marauder  
  200  10:52  Personal Cloaking  
  200  10:58  Terran Infantry Weapons Level 3, Terran Infantry Armor Level 3  
  200  11:00  Terran Vehicle And Ship Armor Level 1  
  200  11:02  Orbital Command  
  192  11:05  Marine  
  193  11:16  Ghost x3  
  172  11:20  Marine x2  
  172  11:21  Marauder, Refinery x2  
  172  11:22  Marine  
  172  11:23  Marine x3  
  178  11:29  Marine  
  178  11:30  Marine  
  166  11:41  Marine x2  
  166  11:42  Marauder, Siege Tank  
  166  11:43  Widow Mine x2  
  166  11:44  Widow Mine  
  166  11:45  Marauder x3  
  185  11:57  Marine  
  185  11:58  Marine  
  179  12:04  Marauder  
  179  12:06  Ghost x2  
  179  12:07  Marauder  
  185  12:10  Command Center  
  185  12:13  Command Center  
  185  12:15  Terran Vehicle Weapons Level 2  
  185  12:18  Missile Turret, Factory Tech Lab  
  185  12:19  Missile Turret, Siege Tank  
  185  12:20  Missile Turret, Widow Mine x2  
  188  12:22  Sensor Tower  
  188  12:23  Missile Turret  
  188  12:24  Concussive Shells  
  188  12:25  Marauder  
  188  12:27  Ghost  
  184  12:34  Ghost x2  
  179  12:45  Ghost  
  179  12:49  Marine  
  172  12:51  Missile Turret  
  172  12:56  Missile Turret, Ghost  
  172  12:57  Missile Turret  
  173  13:03  Ghost x2  
  170  13:08  Marine x2  
  170  13:10  Marine x3  
  170  13:11  Widow Mine x2, Siege Tank x2  
  170  13:12  Siege Tank  
  181  13:14  Ghost  
  181  13:16  Medivac x2  
  186  13:22  Marine  
  186  13:24  Ghost  
  186  13:27  Marine  
  189  13:32  Marauder x2  
  189  13:33  Widow Mine  
  188  13:38  Marine x3  
  188  13:39  Marine  
  179  13:43  Marauder, Siege Tank x2  
  179  13:44  Marine  
  187  13:53  Marauder x2  
  187  13:54  Marauder  
  188  13:59  Marine x2  
  168  14:05  Medivac, Marauder  
  171  14:12  Terran Vehicle And Ship Armor Level 2  
  171  14:14  Ghost x2  
  171  14:15  Marauder  
  172  14:21  Medivac  
  165  14:24  Marine x8  
  165  14:25  Planetary Fortress  
  165  14:26  Marauder  
  175  14:35  Medivac  
  175  14:36  Marauder  
  175  14:42  Marine  
  175  14:43  Marauder x2  
  175  14:44  Siege Tank x2  
  175  14:45  Widow Mine x2  
  173  14:47  Ghost  
  173  14:51  Medivac  
  166  14:57  Ghost  
  166  14:58  Planetary Fortress  
  158  15:04  Marine x2  
  158  15:05  Marauder x2  
  161  15:07  Medivac  
  157  15:16  Marauder  
  157  15:19  Widow Mine x2, Siege Tank x2  
  169  15:21  Medivac  
  169  15:26  Marauder x2  
  174  15:31  Ghost  
  174  15:32  Marine x5  
  174  15:33  Marine x3  
  184  15:37  Ghost  
  186  15:47  Marine  
  186  15:48  Terran Vehicle Weapons Level 3  
  189  15:50  Marauder, Marine  
  190  16:01  Marauder  
  179  16:09  Marauder x2, Marine x2  
  179  16:10  Medivac x2  
  175  16:11  Siege Tank x2  
  175  16:12  Widow Mine  
  175  16:16  Marauder, Marine x2  
  175  16:18  Refinery x2  
  184  16:22  Marauder  
  186  16:26  Siege Tank  
  186  16:31  Marauder  
  185  16:43  Siege Tank x2  
  154  16:54  Marine x3  
  154  16:55  Marauder x4, Marine x5  
  154  16:56  Widow Mine  
  154  16:58  Siege Tank  
  158  17:12  Marine x4  
  158  17:13  Marine  
  153  17:15  Siege Tank  
  153  17:16  Marauder x3  
  153  17:17  Marauder  
  164  17:27  Marine x3  
  164  17:29  SCV x4  
  171  17:30  Marine x2  
  173  17:37  Ghost x3  
  173  17:38  Marauder  
  173  17:41  SCV  
  178  17:49  Siege Tank x2  
  178  17:50  Widow Mine  
  186  17:55  Marine  
  186  17:56  Marine  
  188  17:59  Marauder  
  168  18:06  Marauder, Ghost x2  
  156  18:14  Medivac x2  
  156  18:19  Ghost, Marine x8  
  162  18:29  Siege Tank  
  162  18:30  Siege Tank  
  162  18:34  SCV x5  
  173  18:43  Ghost  
  173  18:46  Siege Tank, SCV  
  179  18:51  Command Center  
  179  18:54  Refinery  
  179  18:57  Missile Turret  
  179  18:59  Missile Turret  
  179  19:02  Siege Tank x2  
  183  19:03  Ghost  
  177  19:17  Widow Mine  
  177  19:18  Siege Tank  
  161  19:29  Ghost x2  
  161  19:30  Ghost  
  161  19:34  Siege Tank  
  161  19:36  Siege Tank  
  167  19:45  Command Center  
  167  19:58  Siege Tank  
  170  20:06  Siege Tank  
  161  20:33  Marauder x2, Ghost x2, Marine x2  
  161  20:34  Siege Tank  
  161  20:35  Widow Mine, Siege Tank  
  179  20:38  Marine x3  
  179  20:41  Missile Turret  
  182  20:48  Missile Turret, Sensor Tower  
  172  21:01  Siege Tank  
  175  21:07  Siege Tank  
  176  21:21  Siege Tank  
  179  21:29  Unknown x2  
  179  21:31  Missile Turret  
  179  21:33  Siege Tank  
  179  21:34  Missile Turret  
  179  21:35  Missile Turret  
  179  21:37  Planetary Fortress  
  151  22:07  Siege Tank x3  
  151  22:08  Widow Mine x2  
  160  22:09  Marauder, Marine x2  
  160  22:10  Marauder  
  160  22:15  SCV x5  
  165  22:27  SCV  
  166  22:34  Missile Turret  
  166  22:39  Marauder x3, Siege Tank x2, Marine  
  156  23:07  Ghost  
  156  23:08  Ghost x3  
  156  23:09  Marine x2  
  156  23:11  Siege Tank x2  
  156  23:12  Widow Mine  
  167  23:43  Marine  
Show
View Real Time Build Order
Export as new Build Order

Reynor Zerg 

Build Orders: Hatch First, Lurkers 

Get SALT Encoding   

  12  0:00  Drone  
  13  0:12  Overlord  
  13  0:17  Drone  
  14  0:30  Drone x2  
  16  0:47  Hatchery  
  15  0:51  Drone  
  15  0:55  Drone  
  17  0:59  Drone  
  18  1:09  Extractor  
  17  1:16  Spawning Pool  
  16  1:18  Drone  
  16  1:22  Drone  
  18  1:27  Drone  
  19  1:38  Drone  
  20  1:49  Overlord  
  20  2:03  Zergling x4, Queen x2  
  26  2:10  Drone x2  
  28  2:16  Metabolic Boost  
  28  2:21  Drone  
  28  2:22  Drone  
  30  2:38  Hatchery  
  30  2:40  Drone  
  30  2:43  Drone  
  31  2:45  Drone  
  31  2:49  Overlord  
  32  2:57  Queen  
  34  3:00  Drone  
  34  3:02  Drone  
  36  3:09  Drone x2  
  38  3:13  Queen  
  40  3:21  Overlord  
  40  3:23  Drone  
  41  3:28  Zergling x4  
  43  3:38  Drone  
  43  3:41  Drone  
  45  3:43  Drone x2  
  45  3:45  Drone x2  
  45  3:46  Drone x2  
  51  3:50  Queen  
  51  3:51  Overlord  
  51  3:52  Queen  
  51  3:53  Drone  
  51  3:55  Zergling x2  
  57  3:59  Zergling x2  
  58  4:07  Overlord  
  58  4:10  Drone x2  
  58  4:13  Zergling x8  
  58  4:15  Drone  
  65  4:23  Overlord  
  65  4:24  Drone  
  65  4:25  Drone x3  
  69  4:32  Overlord, Evolution Chamber x2  
  62  4:47  Queen  
  62  4:50  Drone x3  
  62  4:51  Drone x4  
  71  4:53  Spore Crawler  
  71  4:55  Drone x4  
  71  4:57  Drone  
  71  4:58  Drone  
  76  5:00  Spore Crawler  
  76  5:04  Zerg Ground Armor Level 1  
  75  5:09  Drone x3  
  75  5:11  Drone  
  75  5:12  Drone  
  79  5:16  Drone x2  
  79  5:20  Zerg Melee Weapons Level 1  
  76  5:22  Overlord  
  76  5:24  Drone  
  76  5:26  Drone  
  77  5:31  Drone  
  77  5:32  Drone x4  
  82  5:35  Extractor  
  82  5:36  Drone  
  82  5:38  Lair  
  82  5:42  Drone  
  83  5:44  Extractor, Drone  
  83  5:45  Extractor  
  83  5:47  Extractor, Drone  
  83  5:49  Extractor  
  81  5:52  Spore Crawler  
  81  5:53  Drone  
  81  5:54  Overlord, Hatchery  
  81  5:55  Drone x3  
  83  6:01  Baneling Nest  
  83  6:02  Zergling x2  
  83  6:04  Drone x2  
  83  6:06  Zergling x2  
  83  6:07  Zergling x4  
  88  6:12  Zergling x4  
  88  6:13  Zergling x2  
  88  6:14  Overlord  
  92  6:18  Zergling x4  
  92  6:21  Zergling x2  
  92  6:23  Overlord  
  94  6:27  Zergling x6  
  94  6:29  Zergling x2  
  98  6:34  Drone x3  
  98  6:35  Drone  
  98  6:39  Hydralisk Den, Drone  
  102  6:40  Drone x4  
  102  6:44  Pneumatized Carapace  
  102  6:45  Drone  
  107  6:51  Centrifical Hooks, Spore Crawler, Drone x5  
  111  6:58  Spine Crawler, Spore Crawler  
  111  7:00  Zerg Ground Armor Level 2  
  109  7:06  Zergling x6  
  109  7:08  Zergling x8  
  116  7:11  Zergling x8  
  118  7:19  Drone x2  
  120  7:24  Drone x3  
  120  7:28  Drone x2  
  116  7:32  Zerg Melee Weapons Level 2  
  116  7:35  Drone  
  116  7:36  Drone x3  
  120  7:39  Overlord  
  120  7:42  Infestation Pit  
  120  7:43  Drone x2, Lurker Den  
  120  7:45  Drone x2  
  120  7:47  Drone x2  
  120  7:49  Drone  
  118  7:51  Overseer  
  118  7:53  Baneling x5  
  118  7:55  Drone x2  
  118  7:56  Overlord  
  120  8:04  Drone x8  
  128  8:07  Extractor x2, Baneling x5  
  128  8:08  Baneling  
  118  8:20  Drone x2  
  118  8:22  Drone x4, Hive  
  118  8:23  Drone  
  118  8:24  Hydralisk x3  
  118  8:25  Hydralisk  
  130  8:29  Hydralisk  
  130  8:30  Zergling x4  
  134  8:36  Hydralisk  
  134  8:41  Overlord  
  135  8:51  Overlord, Lurker Den  
  135  8:53  Lurker Den  
  135  8:55  Muscular Augments  
  133  8:56  Drone  
  133  8:57  Spore Crawler, Drone  
  134  9:05  Hydralisk x3  
  134  9:06  Zergling x4  
  134  9:08  Overlord  
  143  9:13  Hatchery  
  143  9:14  Zergling x8  
  143  9:15  Zergling x6  
  149  9:21  Drone x3  
  149  9:23  Spore Crawler  
  151  9:24  Overlord  
  151  9:25  Zergling x4, Spore Crawler  
  149  9:37  Seismic Spines  
  145  9:47  Drone x2  
  145  9:48  Drone x18  
  165  9:57  Hydralisk  
  167  10:01  Zergling x2  
  167  10:02  Overlord x2  
  167  10:10  Zerg Ground Armor Level 3, Zerg Melee Weapons Level 3  
  167  10:11  Lurker  
  167  10:12  Lurker  
  167  10:13  Overlord  
  167  10:20  Drone x6  
  167  10:21  Drone  
  168  10:26  Drone  
  167  10:32  Drone x4  
  167  10:33  Drone x8  
  178  10:36  Lurker x3  
  178  10:37  Hydralisk x2, Lurker  
  178  10:38  Zergling x4  
  178  10:39  Baneling x7  
  178  10:41  Queen  
  190  10:49  Hatchery  
  189  10:50  Adaptive Talons  
  189  10:51  Hydralisk  
  189  10:52  Zergling x12  
  189  10:55  Lurker x2  
  197  10:58  Overlord x2, Hydralisk  
  197  11:03  Extractor x2  
  191  11:14  Hatchery  
  191  11:15  Hydralisk  
  191  11:16  Zergling x18  
  190  11:18  Viper  
  190  11:19  Viper x3  
  190  11:21  Overlord  
  199  11:27  Hydralisk, Hatchery  
  199  11:28  Zergling x2  
  197  11:32  Hatchery  
  197  11:34  Overlord  
  197  11:36  Lurker x3  
  197  11:39  Grooved Spines  
  199  11:41  Zergling x2, Hydralisk  
  199  11:42  Zergling x2  
  198  12:02  Zergling x2  
  199  12:20  Extractor, Hatchery  
  199  12:21  Zergling x6  
  199  12:27  Hatchery  
  199  12:28  Hydralisk x3  
  198  12:31  Zergling x2  
  198  12:32  Zergling x12  
  194  12:37  Hydralisk  
  194  12:38  Zergling x6  
  192  12:44  Hydralisk  
  192  12:45  Zergling x18  
  192  12:48  Hydralisk  
  192  12:49  Zergling x18  
  200  12:53  Zergling x2  
  200  12:58  Zergling x2  
  199  13:00  Hydralisk  
  199  13:02  Adrenal Glands  
  199  13:03  Hydralisk, Zerg Missile Weapons Level 1  
  199  13:04  Zergling x2  
  199  13:08  Zergling x4  
  198  13:17  Hatchery  
  196  13:20  Zergling x6  
  196  13:22  Overseer, Baneling x5  
  196  13:23  Overseer  
  185  13:38  Zergling x14, Hydralisk  
  185  13:39  Zergling x12  
  199  13:47  Hatchery  
  192  13:56  Hatchery  
  192  13:57  Zergling x10  
  192  13:58  Zergling x14  
  192  13:59  Hydralisk  
  192  14:05  Zergling x2, Hydralisk  
  192  14:08  Zergling x4  
  193  14:13  Zergling x4, Hydralisk  
  189  14:17  Zergling x2, Hydralisk  
  189  14:20  Zergling x18  
  184  14:25  Hydralisk  
  184  14:26  Zergling x6, Hydralisk  
  184  14:28  Baneling x8  
  191  14:32  Zergling x2, Hydralisk  
  191  14:37  Zergling x12  
  190  14:39  Queen  
  190  14:41  Zergling x2, Hydralisk  
  190  14:44  Zergling x2  
  176  14:48  Hydralisk  
  176  14:49  Zergling x18  
  177  14:53  Hydralisk  
  177  14:58  Hydralisk  
  177  14:59  Zergling x4  
  172  15:01  Hydralisk  
  160  15:10  Zergling x2  
  160  15:11  Zergling x12, Hydralisk  
  162  15:17  Hydralisk x3  
  162  15:18  Zergling x14  
  162  15:20  Lurker x9  
  180  15:22  Zergling x2, Hydralisk x2  
  180  15:23  Hydralisk  
  180  15:25  Overseer  
  180  15:28  Zerg Missile Weapons Level 2  
  187  15:29  Viper x2, Lurker x3  
  187  15:32  Zergling x2  
  187  15:33  Hydralisk  
  181  15:57  Hydralisk  
  181  15:58  Zergling x10  
  181  15:59  Zergling x22  
  181  16:01  Hydralisk  
  181  16:02  Zergling x6  
  188  16:07  Hydralisk  
  188  16:08  Zergling x2  
  188  16:10  Hydralisk  
  176  16:15  Zergling x2  
  176  16:16  Zergling x14  
  176  16:18  Lurker x5  
  189  16:20  Overseer  
  189  16:23  Zergling x6, Hydralisk  
  189  16:25  Queen  
  193  16:27  Zergling x2  
  193  16:30  Hydralisk  
  193  16:32  Hatchery  
  197  16:36  Zergling x4  
  197  16:37  Zergling x8  
  194  16:46  Hydralisk  
  194  16:47  Zergling x22  
  187  16:49  Hydralisk x2  
  187  16:52  Hydralisk  
  187  16:53  Zergling x2  
  181  16:57  Hydralisk  
  181  16:59  Hydralisk  
  181  17:00  Zergling x6  
  170  17:04  Hydralisk x2  
  170  17:05  Zergling x2  
  170  17:06  Queen  
  168  17:08  Hydralisk  
  168  17:15  Hydralisk x3  
  162  17:18  Lurker  
  162  17:19  Lurker x5  
  162  17:21  Hydralisk x2  
  162  17:22  Zergling x12  
  180  17:28  Lurker x2  
  184  17:30  Zergling x14  
  189  17:43  Zergling x2  
  189  17:44  Zergling x22  
  188  17:52  Overseer  
  188  17:56  Hydralisk x3  
  188  17:57  Zergling x2  
  172  18:05  Hydralisk  
  172  18:06  Zergling x22  
  172  18:12  Hydralisk x2  
  171  18:13  Zergling x6  
  175  18:27  Lurker x10  
  175  18:31  Zergling x4, Hydralisk x2  
  175  18:32  Zergling x8  
  187  18:36  Overseer x2  
  187  18:39  Overseer  
  187  18:44  Drone  
  187  18:45  Drone x2  
  183  18:49  Hatchery  
  183  18:50  Lurker x3  
  185  18:56  Spore Crawler  
  185  18:57  Zergling x12  
  190  19:06  Lurker x2  
  190  19:07  Zergling x2  
  190  19:08  Zergling x4  
  190  19:09  Zerg Missile Weapons Level 3  
  174  19:25  Zergling x24  
  169  19:31  Hydralisk  
  169  19:32  Zergling x4  
  171  19:49  Hatchery  
  170  19:54  Overseer  
  170  19:56  Zergling x6, Hatchery  
  172  20:09  Zergling x2  
  172  20:10  Zergling x14  
  175  20:18  Zergling x14  
  175  20:23  Hydralisk  
  175  20:26  Hydralisk  
  147  20:32  Viper  
  150  20:39  Hydralisk x3  
  154  20:44  Lurker  
  154  20:48  Zergling x10  
  150  20:58  Hydralisk x3  
  150  20:59  Zergling x2  
  147  21:05  Hydralisk x4  
  147  21:10  Lurker x4  
  154  21:13  Zergling x4  
  154  21:19  Zergling x8  
  154  21:22  Zergling x2  
  154  21:23  Zergling x2  
  160  21:26  Hydralisk  
  160  21:27  Zergling x2  
  160  21:31  Zergling x6  
  166  21:34  Overlord  
  166  21:36  Hydralisk  
  166  21:37  Zergling x2  
  169  21:44  Zergling x4  
  147  21:56  Zergling x2, Hydralisk  
  147  21:57  Zergling x10  
  147  21:58  Zergling x4, Hydralisk  
  131  22:05  Hydralisk  
  131  22:07  Hydralisk  
  131  22:08  Zergling x4  
  135  22:18  Lurker x8  
  135  22:21  Lurker x2  
  135  22:22  Lurker  
  146  22:27  Hydralisk x3  
  152  22:30  Hydralisk  
  154  22:38  Lurker x3  
  154  22:43  Hydralisk x3  
  158  22:47  Overseer  
  160  22:56  Overseer x2  
  128  23:06  Hydralisk x2  
  128  23:07  Hydralisk x2  
  128  23:11  Zergling x2  
  128  23:12  Zergling x16  
  136  23:20  Lurker x5  
  141  23:31  Hatchery  
  140  23:38  Hydralisk  
  140  23:39  Zergling x6  
Tags
 
Add a new tag
Caveats
  • Supply blocks, unpowered buildings, or Contaminate may cause inaccurate times.
  • Supply counts are checked every 10 seconds.